 Dungeon Crawl Stone Soup version 0.19.4-8-ga85b6b9 (webtiles) character file.

2148 Gargoyl the Covered (level 9, -7/72 (74) HPs)
             Began as a Ghoul Abyssal Knight on Feb 7, 2017.
             Was an Elder of Lugonu.
             Mangled by an orc warrior
             ... wielding a +0 glaive
              (17 damage)
             ... on level 7 of the Dungeon.
             The game lasted 00:19:15 (7737 turns).

Gargoyl the Covered (Ghoul Abyssal Knight)          Turns: 7737, Time: 00:19:16

HP:   -7/72 (74)    AC: 17    Str: 17      XL:     9   Next: 31%
MP:   12/12         EV:  3    Int:  7      God:    Lugonu [****..]
Gold: 116           SH: 10    Dex:  5 (10) Spells: 0 memorised, 8 levels left

rFire  . . .     SeeInvis .     H - +0 broad axe
rCold  + . .     Gourm    .     I - +0 plate armour
rNeg   + + +     Faith    .     m - +3 shield {reflect}
rPois  ∞         Spirit   .     g - +2 helmet
rElec  .         Reflect  +     (no cloak)
rCorr  .         Harm     .     (no gloves)
MR     ++...                    o - +0 pair of boots
Stlth  ..........               (no amulet)
                                E - ring of protection from magic
                                d - ring of protection from magic

@: rotting
A: rotting body, claws 1, carnivore 3, cold resistance 1, negative energy
resistance 3, slow regeneration 1, torment resistance, unbreathing
a: Depart the Abyss, Bend Space, Banish, Corrupt, Renounce Religion


You were on level 7 of the Dungeon.
You worshipped Lugonu.
Lugonu was greatly pleased with you.
You were not hungry.

You visited 1 branch of the dungeon, and saw 7 of its levels.
You visited the Abyss 1 time.
You also visited: Sewer.

You collected 357 gold pieces.
You spent 241 gold pieces at shops.

Inventory:

Hand Weapons
 a - a +1 hand axe
 l - the +7 dagger of the First Planets {freeze, rC+}
   (You found it in a sewer)

   It has been specially enchanted to freeze those struck by it, causing extra
   injury to most foes and up to half again as much damage against particularly
   susceptible opponents.
   It can also slow down cold-blooded creatures.
   It protects you from cold.
 t - a +0 war axe
 H - a +0 broad axe (weapon)
Missiles
 z - 4 tomahawks (quivered)
Armour
 g - a +2 helmet (worn)
 m - a +3 shield of reflection (worn)
 o - a +0 pair of boots (worn)
 I - a +0 plate armour (worn)
Jewellery
 d - a ring of protection from magic (left claw)
 q - an uncursed ring of protection from fire {unknown}
 y - an uncursed ring of poison resistance {unknown}
 D - an uncursed ring of ice {unknown}
 E - a ring of protection from magic (right claw)
Wands
 J - a wand of digging (7/24)
Scrolls
 j - 2 scrolls of identify
 v - 5 scrolls of teleportation
 w - 2 scrolls of remove curse
 A - a scroll of blinking
 B - a scroll of magic mapping
 G - a scroll of enchant armour
Potions
 b - a potion of invisibility
 e - 2 potions of lignification
 f - a potion of ambrosia {unknown}
 h - a potion of brilliance
 i - 4 potions of agility
 k - 10 potions of curing {unknown}
 n - 2 potions of might {unknown}
 p - 3 potions of flight {unknown}
 x - a potion of cancellation {unknown}
 C - 2 potions of degeneration {unknown}
 F - 2 potions of beneficial mutation {unknown}
Books
 s - a book of Conjurations

   Spells                             Type                      Level
   a - Magic Dart                     Conjuration                  1
   b - Searing Ray                    Conjuration                  2
   c - Dazzling Spray                 Conjuration/Hexes            3
   d - Fulminant Prism                Conjuration/Hexes            4
   e - Iskenderun's Mystic Blast      Conjuration                  4
   f - Iskenderun's Battlesphere      Conjuration/Charms           5
 u - Sif Muna's Collected Works on Changing
   (You found it on level 5 of the Dungeon)

   Spells                             Type                      Level
   a - Beastly Appendage              Transmutation                1
Comestibles
 c - 4 meat rations
 r - 2 slices of pizza


   Skills:
 + Level 5.4 Fighting
 + Level 0.1 Short Blades
 + Level 5.3 Axes
 * Level 7.0 Armour
 + Level 2.3 Dodging
 + Level 2.1 Shields
 * Level 6.0 Invocations


You had 8 spell levels left.
You didn't know any spells.

Dungeon Overview and Level Annotations

Branches:
Dungeon (7/15)             Temple (0/1) D:7

Altars:
Gozag
Nemelex Xobeh
Sif Muna

Shops:
D:5 [   D:6 ?   D:7 }

Annotations:
D:3 Amadiro's ghost, amateur TrBe


Innate Abilities, Weirdness & Mutations

Your body is rotting away.
You thrive on raw meat.
You are immune to poison.
You have sharp fingernails.
You are carnivorous and can eat meat at any time.
Your flesh is cold resistant. (rC+)
You are immune to negative energy. (rN+++)
You regenerate slowly when monsters are visible.
You are immune to unholy pain and torment.
You can survive without breathing.


Message History

You hit the orc warrior but do no damage.
The orc warrior is almost dead.
You block the orc warrior's attack.
You closely miss the orc warrior.
The orc warrior is almost dead.
You block the orc warrior's attack.
You closely miss the orc warrior.
The orc warrior is almost dead.
The orc warrior hits you with a glaive!
You completely miss the orc warrior.
The orc warrior is almost dead.
The orc warrior hits you but does no damage.
You closely miss the orc warrior.
The orc warrior is almost dead.
The orc warrior hits you with a glaive!
* * * LOW HITPOINT WARNING * * *
Your shield and plate armour prevent you from hitting the orc warrior.
The orc warrior is almost dead.
The orc warrior hits you with a glaive!
You die...

#####################
#.......#.....[.#...
#.#.#.#[#.#.#.#.#o#.#.#.
................@.......
############'########### #
####......# #.# #
#.........######.# #
#.####...........# #######.#
#....######.# ####### ......#.#
#....# #.# #......
......#.####....# #.# ##.####.
......#.##......######.###.....#.


You could see an orc warrior.

Vanquished Creatures
  An orc warrior (D:6)
  2 phantoms
  An ogre (D:7)
  2 centaurs
  Blork the orc (D:6)
  2 big kobolds (Sewer)
  2 crimson imps (D:7)
  A quasit (D:5)
  An orc priest (D:7)
  A bullfrog skeleton (D:5)
  2 hounds (D:6)
  2 jellies
  7 orc wizards
  Ijyb (D:2)
  3 iguanas
  Natasha (D:2)
  7 worker ants
  2 worker ant zombies (D:7)
  Robin (D:2)
  21 gnolls
  7 adders
  A howler monkey skeleton (D:5)
  6 river rats
  A shadow imp (D:7)
  3 oozes
  An adder skeleton (D:7)
  3 adder zombies
  4 worms
  3 dart slugs
  5 leopard geckos
  15 orcs
  3 giant cockroaches
  19 goblins
  10 hobgoblins
  3 jackals (D:3)
  20 kobolds
  3 quokkas
  7 ball pythons
  7 bats
  6 frilled lizards
  32 rats
220 creatures vanquished.

Vanquished Creatures (others)
  A vampire (D:7)
  A quasit (D:7)
2 creatures vanquished.

Grand Total: 222 creatures vanquished

Notes
Turn   | Place    | Note
-------+----------+-------------------------------------------
     0 | Abyss:1  | Gargoyl the Ghoul Abyssal Knight began the quest for the Orb.
     0 | Abyss:1  | Reached XP level 1. HP: 19/19 MP: 1/1
    53 | Abyss:1  | Noticed an ancient zyme
    60 | Abyss:1  | Noticed a large abomination
    67 | Abyss:1  | Noticed a thrashing horror
    70 | D:1      | Escaped the Abyss
   377 | D:1      | Reached * piety under Lugonu
   386 | D:1      | Reached skill level 2 in Armour
   386 | D:1      | Reached XP level 2. HP: 19/25 MP: 2/2
   538 | D:1      | Reached skill level 1 in Dodging
   755 | D:1      | Reached XP level 3. HP: 29/33 MP: 3/3
  1201 | D:2      | Found a sparkling altar of Nemelex Xobeh.
  1286 | D:2      | Noticed Ijyb
  1325 | D:2      | Killed Ijyb
  1325 | D:2      | Reached ** piety under Lugonu
  1325 | D:2      | Reached XP level 4. HP: 10/40 MP: 3/5
  1332 | D:2      | Noticed Robin
  1375 | D:2      | Killed Robin
  1502 | D:2      | Noticed Natasha
  1513 | D:2      | Killed Natasha
  1513 | D:2      | Reached skill level 3 in Armour
  1513 | D:2      | Reached XP level 5. HP: 31/46 MP: 6/6
  1601 | D:2      | Found a faded altar of an unknown god.
  2570 | D:3      | Found a glowing drain.
  2612 | D:3      | Reached XP level 6. HP: 17/51 MP: 7/7
  2628 | Sewer    | Entered a sewer
  2673 | Sewer    | Reached *** piety under Lugonu
  2859 | Sewer    | Got a faintly glowing scale mail
  3049 | Sewer    | Got a dazzling dagger
  3121 | Sewer    | Reached **** piety under Lugonu
  3134 | Sewer    | Reached skill level 4 in Armour
  3149 | Sewer    | Reached XP level 7. HP: 25/60 MP: 8/8
  3200 | Sewer    | Identified the cursed +1 scale mail of Ahayhiv {rPois rF- Regen+ SInv} (You found it in a sewer)
  3877 | D:3      | Noticed Amadiro's ghost (amateur TrBe)
  4743 | D:5      | Entered Level 5 of the Dungeon
  4744 | D:5      | Identified the +7 dagger of the First Planets {freeze, rC+} (You found it in a sewer)
  4828 | D:5      | Found a deep blue altar of Sif Muna.
  4983 | D:5      | Reached skill level 5 in Armour
  5063 | D:5      | Found an opulent altar of Gozag.
  5138 | D:5      | Found Foomykol's Antique Armour Shoppe.
  5144 | D:5      | Bought a shiny shield for 199 gold pieces
  5185 | D:5      | Reached XP level 8. HP: 40/65 MP: 10/10
  5842 | D:5      | Reached skill level 5 in Fighting
  5927 | D:5      | Identified Sif Muna's Collected Works on Changing
  6059 | D:6      | Reached skill level 6 in Armour
  6190 | D:6      | Reached skill level 5 in Invocations
  6199 | D:6      | Reached skill level 1 in Shields
  6319 | D:6      | Found Oluank's Magic Scroll Boutique.
  6330 | D:6      | Bought a scroll of teleportation for 42 gold pieces
  6453 | D:6      | Noticed Blork the orc
  6462 | D:6      | Killed Blork the orc
  6462 | D:6      | Reached skill level 5 in Axes
  6613 | D:6      | Reached XP level 9. HP: 37/74 MP: 12/12
  6697 | D:7      | Reached ***** piety under Lugonu
  6739 | D:7      | Found a staircase to the Ecumenical Temple.
  6830 | D:7      | HP: 2/74 [something (5)]
  7647 | D:7      | Found Emmyemiy's Gadget Shoppe.
  7722 | D:7      | Reached skill level 7 in Armour
  7737 | D:7      | Mangled by an orc warrior

Skill      XL: |  1  2  3  4  5  6  7  8  9 |
---------------+----------------------------+-----
Armour         | 2 3 4 5 6 7 |  7.0
Dodging        | 1 2 |  2.3
Axes           | 2 3 4 5 |  5.3
Fighting       | 4 5 |  5.4
Invocations    | 3 4 5 6 |  6.0
Shields        | 1 2 |  2.1
Short Blades   | |  0.1

Action                   |  1- 3 |  4- 6 |  7- 9 || total
-------------------------+-------+-------+-------++-------
Melee: Hand axe          |   145 |   320 |   139 ||   604
       Dagger            |       |       |    64 ||    64
       War axe           |       |       |   205 ||   205
       Broad axe         |       |       |   208 ||   208
Invok: Depart the Abyss  |     1 |       |       ||     1
       Bend Space        |       |       |     1 ||     1
       Banish            |       |       |     4 ||     4
  Use: Scroll            |     4 |     6 |     8 ||    18
       Potion            |       |     1 |     6 ||     7
  Eat: Chunk             |    16 |    39 |    56 ||   111
Armor: Leather armour    |    10 |       |       ||    10
       Chain mail        |    80 |   331 |   263 ||   674
       Scale mail        |       |       |    84 ||    84
       Plate armour      |       |       |   317 ||   317
Dodge: Dodged            |    73 |   202 |   210 ||   485
Block: Shield            |       |       |   304 ||   304
       Reflection        |       |       |     1 ||     1
